 Dungeon Crawl Stone Soup version 0.21.1-1-g345015f (webtiles) character file.

9897 letownia2 the Spear-Bearer (level 11, -4/78 HPs)
             Began as a Merfolk Skald on Mar 14, 2018.
             Was a Priest of Cheibriados.
             Hit by a tomahawk of returning thrown by an orc warrior (9 damage)
             ... on level 11 of the Dungeon.
             The game lasted 00:31:07 (3851 turns).

letownia2 the Spear-Bearer (Merfolk Skald)          Turns: 3851, Time: 00:31:07

Health: -4/78      AC: 20    Str: 21    XL:     11   Next: 53%
Magic:  2/20       EV: 11    Int: 20    God:    Cheibriados [***...]
Gold:   185        SH:  0    Dex: 21    Spells: 11/22 levels left

rFire    + . .     SeeInvis .   a - +1 spear of Dim Light {venom, rPois MR+}
rCold    + . .     Gourm    .   (no shield)
rNeg     . . .     Faith    .   b - +9 chain mail "Ruthieb" {rF+ rCorr}
rPois    +         Spirit   .   F - +0 helmet
rElec    .         Reflect  .   (no cloak)
rCorr    +         Harm     .   (no gloves)
MR       +....                  B - +0 pair of boots
Stlth    ..........             (no amulet)
HPRegen  0.23/turn              w - ring of protection from cold
MPRegen  0.17/turn              C - ring of flight

@: shrouded, singing, very slightly contaminated, very slow
A: change form in water, swift swim, stealthy swim
a: Bend Time, Temporal Distortion, Renounce Religion, Evoke Flight


You were on level 11 of the Dungeon.
You worshipped Cheibriados.
Cheibriados was most pleased with you.
You were near starving.

You visited 2 branches of the dungeon, and saw 13 of its levels.

You collected 185 gold pieces.

Inventory:

Hand Weapons
 a - the +1 spear of Dim Light (weapon) {venom, rPois MR+}
   (You found it on level 5 of the Dungeon)

   It poisons the flesh of those it strikes.
   It protects you from poison.
   It affects your resistance to hostile enchantments.
 c - a +0 blowgun
 M - a +1 trident
Missiles
 o - 5 curare-tipped needles
 r - 74 sling bullets
 D - 7 tomahawks (quivered)
 H - 48 poisoned needles
Armour
 b - the +9 chain mail "Ruthieb" (worn) {rF+ rCorr}
   (You found it on level 10 of the Dungeon)

   It protects you from fire.
   It protects you from acid and corrosion.
 j - the +3 scale mail of Divine Intervention {Str+4 Int+6, unknown}
   (You found it on level 12 of the Dungeon)

   It affects your strength (+4).
   It affects your intelligence (+6).
 s - a +3 leather armour
 y - a +0 ring mail
 B - a +0 pair of boots (worn)
 F - a +0 helmet (worn)
Magical Staves
 v - an uncursed staff of power
Jewellery
 w - a ring of protection from cold (left hand)
 C - a ring of flight (right hand)
Wands
 i - a wand of acid (9)
Scrolls
 e - a scroll of random uselessness
 h - 4 scrolls of remove curse
 t - 7 scrolls of identify
 E - a scroll of enchant weapon
 G - a scroll of acquirement {unknown}
 I - a scroll of noise {unknown}
 L - a scroll of vulnerability {unknown}
Potions
 g - 2 potions of haste
 n - a potion of agility
 q - a potion of resistance
 u - a potion of brilliance
 z - 2 potions of degeneration
Books
 l - a book of Battle

   Spells                             Type                      Level
   a - Infusion                       Charms                       1
   b - Shroud of Golubria             Charms/Translocation         2
   c - Song of Slaying                Charms                       2
   d - Spectral Weapon                Hexes/Charms                 3
   e - Regeneration                   Charms/Necromancy            3
Comestibles
 d - 9 rations


   Skills:
 - Level 4.7 Fighting
 - Level 13.7 Polearms
 - Level 3.7 Armour
 - Level 4.7 Dodging
 + Level 6.0 Spellcasting
 - Level 4.1 Hexes
 - Level 7.9 Charms
 - Level 3.0 Necromancy
 - Level 1.5 Translocations
 + Level 7.5 Invocations


You had 11 spell levels left.
You knew the following spells:

 Your Spells              Type           Power        Failure   Level  Hunger
a - Infusion              Chrm           ####         3%          1    None
g - Regeneration          Chrm/Necr      ####......   30%         3    ##.....
l - Song of Slaying       Chrm           #####...     5%          2    None
t - Shroud of Golubria    Chrm/Tloc      ####......   21%         2    None
x - Spectral Weapon       Hex/Chrm       ####....     24%         3    ##.....


Dungeon Overview and Level Annotations

Branches:
Dungeon (12/15)            Temple (1/1) D:5             Orc (0/2) D:11
   Lair: D:8-11

Altars:
Cheibriados
Elyvilon
Hepliaklqana
Kikubaaqudgha
Makhleb
Nemelex Xobeh
Okawaru
Ru
Sif Muna
Uskayaw
Vehumet
Wu Jian
Yredelemnul
Zin

Shops:
D:4 *

Annotations:
D:6 Dowan, Duvessa
D:10 1 transporter, 2 runed doors, exclusion: orange crystal statue


Message History

The weapon returns to the orc warrior!
Unknown command.
The orc warrior throws a tomahawk of returning.
The tomahawk of returning hits your spectral weapon!
Your spectral weapon shares its damage with you!
Your spectral weapon fades away.
* * * LOW HITPOINT WARNING * * *
The weapon returns to the orc warrior!
The orc warrior throws a tomahawk of returning.
The tomahawk of returning hits you!
* * * LOW HITPOINT WARNING * * *
The weapon returns to the orc warrior!
The orc warrior throws a tomahawk of returning.
The tomahawk of returning closely misses you.
The weapon returns to the orc warrior!
The orc warrior throws a tomahawk of returning.
The tomahawk of returning barely misses you.
The orc warrior throws a tomahawk of returning.
The tomahawk of returning hits you!
You die...

# .#### ########..... #
#@.##........ #.
##.)o........ ###.###. .
####(....... ........
.....$..........
.......#########............
.......<.......#.#.#........
.........#####.# ...........
..........# ..>o.<......
..........# ... ..######.


You could see an orc warrior.

Vanquished Creatures
  2 two-headed ogres (D:10)
  A tengu warrior (D:10)
  An unseen horror (D:12)
  Pikel (D:5)
  3 ugly things
  A gargoyle (D:12)
  A yaktaur (D:10)
  A hornet (D:8)
  2 wraiths
  10 yaks (D:10)
  An orc warrior (D:7)
  An ice beast (D:10)
  2 slaves (D:5)
  A necrophage (D:11)
  2 centaurs
  4 ogres
  2 big kobolds (D:10)
  7 bullfrogs
  A wyvern skeleton (D:10)
  A water moccasin skeleton (D:10)
  2 howler monkeys (D:8)
  2 crimson imps
  4 electric eels (D:10)
  2 centaur zombies
  5 jellies
  A bullfrog zombie (D:10)
  2 centaur skeletons (D:10)
  7 hounds
  5 orc priests
  2 bullfrog skeletons
  2 iguanas
  7 orc wizards
  6 worker ants
  A hound zombie (D:10)
  A hound skeleton (D:8)
  A mummy (D:8)
  3 gnolls (D:8)
  3 adders
  A leopard gecko (D:8)
  22 orcs
  3 bats
  4 giant cockroaches
  6 goblins
  A hobgoblin (D:1)
  4 jackals
  2 quokkas
  3 frilled lizards (D:1)
  12 kobolds
  An orc skeleton (D:8)
160 creatures vanquished.

Vanquished Creatures (others)
  An adder (D:10)
  An orc (D:5)
  7 spectral weapons
9 creatures vanquished.

Grand Total: 169 creatures vanquished

Notes
Turn   | Place    | Note
-------+----------+-------------------------------------------
     0 | D:1      | letownia2 the Merfolk Skald began the quest for the Orb.
     0 | D:1      | Reached XP level 1. HP: 16/16 MP: 3/3
   106 | D:1      | Reached XP level 2. HP: 20/22 MP: 0/5
   113 | D:1      | Learned a level 2 spell: Shroud of Golubria
   234 | D:3      | Reached skill level 1 in Translocations
   366 | D:5      | Entered Level 5 of the Dungeon
   387 | D:4      | Reached XP level 3. HP: 13/27 MP: 0/6
   392 | D:4      | Learned a level 3 spell: Spectral Weapon
   519 | D:5      | Found a radiant altar of Vehumet.
   520 | D:5      | Got a fine spear
   521 | D:5      | Identified the cursed +1 spear of Dim Light {venom, rPois MR+} (You found it on level 5 of the Dungeon)
   564 | D:4      | Reached skill level 1 in Hexes
   564 | D:4      | Reached XP level 4. HP: 9/33 MP: 0/7
   652 | D:4      | Found Dein's General Store.
   836 | D:5      | Noticed a slave
   856 | D:5      | Killed a slave
   923 | D:5      | Reached skill level 4 in Polearms
   923 | D:5      | Reached XP level 5. HP: 27/38 MP: 3/8
   941 | D:5      | Found a staircase to the Ecumenical Temple.
   950 | Temple   | Entered the Ecumenical Temple
   994 | Temple   | Became a worshipper of Cheibriados the Contemplative
  1113 | D:6      | Noticed an ogre
  1234 | D:6      | Noticed Dowan
  1235 | D:6      | Noticed Duvessa
  1245 | D:5      | Reached skill level 5 in Polearms
  1252 | D:5      | Reached skill level 6 in Polearms
  1252 | D:5      | Reached XP level 6. HP: 20/44 MP: 5/9
  1257 | D:5      | Learned a level 3 spell: Regeneration
  1267 | D:5      | Noticed Pikel
  1267 | D:5      | Noticed a slave
  1268 | D:5      | Noticed a slave
  1272 | D:5      | Noticed a slave
  1288 | D:5      | Killed Pikel
  1288 | D:5      | Reached skill level 8 in Polearms
  1288 | D:5      | Reached XP level 7. HP: 20/50 MP: 5/10
  1418 | D:6      | Found a sacrificial altar of Ru.
  1431 | D:6      | Reached skill level 9 in Polearms
  1513 | D:7      | Reached XP level 8. HP: 56/56 MP: 9/11
  1546 | D:7      | Reached skill level 10 in Polearms
  1572 | D:7      | Reached * piety under Cheibriados
  1639 | D:7      | Learned a level 2 spell: Song of Slaying
  1663 | D:7      | Reached skill level 11 in Polearms
  1782 | D:8      | Noticed a hornet
  1797 | D:8      | Killed a hornet
  1797 | D:8      | Reached skill level 12 in Polearms
  1899 | D:8      | Reached skill level 13 in Polearms
  1953 | D:9      | Found an iron altar of Okawaru.
  1975 | D:9      | Reached XP level 9. HP: 53/61 MP: 6/12
  2018 | D:8      | Reached ** piety under Cheibriados
  2071 | D:8      | Reached skill level 1 in Armour
  2071 | D:8      | Reached skill level 1 in Invocations
  2314 | D:8      | Found a sparkling altar of Nemelex Xobeh.
  2508 | D:10     | Entered Level 10 of the Dungeon
  2521 | D:11     | Noticed a brown ugly thing
  2534 | D:11     | Killed a brown ugly thing
  2616 | D:10     | Got a bloodstained chain mail
  2627 | D:10     | Identified the +9 chain mail "Ruthieb" {rF+ rCorr} (You found it on level 10 of the Dungeon)
  2650 | D:9      | Noticed a troll
  2680 | D:10     | Reached skill level 5 in Charms
  2706 | D:10     | Noticed a two-headed ogre
  2713 | D:10     | Reached *** piety under Cheibriados
  2714 | D:10     | Killed a two-headed ogre
  2714 | D:10     | Reached XP level 10. HP: 36/71 MP: 2/13
  2872 | D:10     | Noticed a two-headed ogre
  2963 | D:10     | Killed a two-headed ogre
  3139 | D:10     | Reached skill level 5 in Invocations
  3199 | D:10     | Reached **** piety under Cheibriados
  3203 | D:10     | Found a basalt altar of Yredelemnul.
  3203 | D:10     | Found a transporter.
  3218 | D:10     | Noticed a cyan ugly thing
  3221 | D:10     | Noticed a tengu warrior
  3239 | D:10     | Killed a cyan ugly thing
  3268 | D:10     | Killed a tengu warrior
  3268 | D:10     | Reached XP level 11. HP: 46/78 MP: 6/18
  3295 | D:10     | Reached skill level 5 in Spellcasting
  3345 | D:10     | Found a large runed door.
  3346 | D:10     | Found a large runed door.
  3348 | D:10     | Noticed a deep troll earth mage
  3348 | D:10     | Noticed a deep elf archer
  3349 | D:10     | Noticed a deep elf mage
  3350 | D:10     | Noticed an orange crystal statue
  3402 | D:10     | You fall through a shaft for 2 floors!
  3483 | D:11     | Noticed a purple ugly thing
  3494 | D:11     | Killed a purple ugly thing
  3699 | D:12     | Killed an unseen horror
  3752 | D:12     | Got a citrine-encrusted scale mail
  3761 | D:12     | HP: 1/78 [gargoyle/mace (10)]
  3779 | D:12     | Noticed a skeletal warrior
  3779 | D:12     | Noticed a phantasmal warrior
  3822 | D:11     | Found a staircase to the Orcish Mines.
  3851 | D:11     | Hit by a tomahawk of returning thrown by an orc warrior

Skill      XL: |  1  2  3  4  5  6  7  8  9 10 11 |
---------------+----------------------------------+-----
Translocations | 1 |  1.5
Charms         | 4 6 7 |  7.9
Hexes          | 1 3 4 |  4.1
Polearms       | 4 6 8 9 13 | 13.7
Necromancy     | 3 |  3.0
Armour         | 3 |  3.7
Dodging        | 4 |  4.7
Invocations    | 3 6 7 |  7.5
Fighting       | 4 |  4.7
Spellcasting   | 4 6 |  6.0

Action                   |  1- 3 |  4- 6 |  7- 9 | 10-12 || total
-------------------------+-------+-------+-------+-------++-------
Melee: Spear             |    34 |    60 |   319 |   305 ||   718
       Dagger            |    34 |       |       |       ||    34
       Tailslap          |       |       |       |    15 ||    15
       Trident           |       |       |       |    10 ||    10
 Fire: Blowgun           |       |       |       |    21 ||    21
Throw: Tomahawk          |       |       |       |     4 ||     4
 Cast: Infusion          |     6 |     3 |       |       ||     9
       Shroud of Golubri |     4 |     8 |    23 |     6 ||    41
       Spectral Weapon   |       |     1 |    11 |     7 ||    19
       Regeneration      |       |       |    10 |     9 ||    19
       Song of Slaying   |       |       |     5 |     5 ||    10
Invok: Slouch            |       |       |       |     2 ||     2
Evoke: Wand              |       |       |     3 |     5 ||     8
  Use: Potion            |       |     1 |     3 |     4 ||     8
       Scroll            |       |       |       |    10 ||    10
 Stab: Sleeping          |     2 |       |     3 |       ||     5
       Distracted        |       |       |     1 |     1 ||     2
       Invisible         |       |       |       |     7 ||     7
  Eat: Chunk             |       |     2 |     9 |     4 ||    15
Armor: Leather armour    |    13 |    15 |    27 |       ||    55
       Skin              |       |     4 |     6 |       ||    10
       Chain mail        |       |       |     6 |   108 ||   114
Dodge: Dodged            |    28 |    40 |   102 |   101 ||   271
